 Dungeon Crawl Stone Soup version 0.29.1-15-g9cfb28693d (webtiles) character file.

Game seed: 1842455962956095955

0 leafyfresh the Sneak (level 1, -9/16 HPs)
             Began as an Octopode Delver on Feb 25, 2023.
             Mangled by an iguana (11 damage)
             ... on level 5 of the Dungeon.
             The game lasted 00:00:06 (14 turns).

leafyfresh the Sneak (Octopode Delver)                Turns: 14, Time: 00:00:07

Health: -9/16      AC:  1    Str: 11    XL:     1   Next: 0%
Magic:  1/1        EV: 13    Int: 12    God:
Gold:   10         SH:  0    Dex: 13    Spells: 0/0 levels left

rFire   . . .      SeeInvis .   a - +0 short sword
rCold   . . .      Faith    .   (no shield)
rNeg    . . .      Spirit   .   (helmet restricted)
rPois   .          Reflect  .   (no amulet)
rElec   .          Harm     .   (no ring)
rCorr   .          Rampage  .   (no ring)
Will    .....                   (no ring)
Stlth   ++++......              (no ring)
HPRegen 0.05/turn               (no ring)
MPRegen 0.07/turn               (no ring)
                                (no ring)
                                (no ring)

@: no status effects
A: almost no armour, amphibious, 8 rings, camouflage 1, gelatinous body 1,
(nimble swimmer 1), tentacles
a: no special abilities


You were on level 5 of the Dungeon.
You visited 1 branch of the dungeon, and saw 1 of its levels.

You collected 10 gold pieces.

Inventory:

Hand Weapons
 a - a +0 short sword (weapon)
Wands
 f - a wand of digging (3)
Scrolls
 b - a scroll of fog
 c - a scroll of magic mapping
 d - a scroll of fear
Potions
 e - a potion of haste


   Skills:
 + Level 3.0 Fighting
 - Level 2.0 Short Blades
 + Level 2.0 Dodging
 + Level 6.6 Stealth


You couldn't memorise any spells.
You didn't know any spells.
Your spell library was empty.

Dungeon Overview and Level Annotations

Branches:
Dungeon (5/15)
 Temple: D:4-7

Altars:


Innate Abilities, Weirdness & Mutations

You cannot wear most types of armour.
You are amphibious.
You can wear up to eight rings at the same time.
Your skin changes colour to match your surroundings (Stealth+).
Your rubbery body absorbs attacks. (AC +1, EV +1)
((You are camouflaged when in or above water. (Stealth+)))
You have tentacles for arms and can constrict up to eight enemies at once.


Message History

Press ? for a list of commands and other information.
Found 10 gold pieces and 6 stones.
Found a stone staircase leading down.
You now have 10 gold pieces.
An iguana comes into view.
The iguana hisses angrily.
An iguana is nearby!
An iguana is nearby!
The iguana closely misses you.
An iguana is nearby!
You hit the iguana but do no damage. You grab the iguana.
You constrict the iguana, but do no damage.
The iguana closely misses you.
You hit the iguana but do no damage. You constrict the iguana.
The iguana barely misses you.
You hit the iguana.
The iguana is lightly wounded.
You constrict the iguana, but do no damage.
The iguana closely misses you.
You hit the iguana.
The iguana is moderately wounded.
You constrict the iguana, but do no damage.
The iguana bites you!
Ouch! That really hurt!
* * * LOW HITPOINT WARNING * * *
You are too injured to fight recklessly!
You are too injured to fight recklessly!
You are too injured to fight recklessly!
You are too injured to fight recklessly!
Unknown command.
You hit the iguana but do no damage. You squeeze the iguana.
The iguana is heavily wounded.
You constrict the iguana.
The iguana hisses menacingly.
The iguana closely misses you.
You hit the iguana.
The iguana is heavily wounded.
You constrict the iguana, but do no damage.
The iguana bites you!
Ouch! That really hurt!
You die...

##
..########
...#.....##
#.........#
#.........#
#.....l...##
# #...@...#
≈~#.......#
...........#
≈~~#......##
####......#
#.....(..#
#......>.#
#........#
#........#


You could see an iguana.

Vanquished Creatures (others)
  A plant (D:5)
1 creature vanquished.

Notes
Turn   | Place    | Note
-------+----------+-------------------------------------------
     0 | D:5      | leafyfresh the Octopode Delver began the quest for the Orb.
     0 | D:5      | Reached XP level 1. HP: 16/16 MP: 1/1
     5 | D:5      | Noticed an iguana
    14 | D:5      | Mangled by an iguana

Illustrated notes

Levels and vault maps discovered:
D:5:      layout_cave_pods, grunt_dithmenos_smoke, serial_bayou,
          serial_bayou_crossing, serial_bayou_pond_a, serial_bayou_lake_a,
          serial_bayou_lagoon_a, serial_bayou_pond_e,
          amcnicky_mini_rare_corridor_liquid, uniq_blork_the_orc

Action                   || total
-------------------------++-------
Melee: Short sword       ||     6
       Constrict         ||     1
       Tentacles         ||     1
Dodge: Dodged            ||     5
